 Dungeon Crawl Stone Soup version 0.31.0-12-g77e489cdc1 (webtiles) character file.

Game seed: 16448489650075161387

2277 Peloso the Protected (level 9, -3/64 (78) HPs)
             Began as a Minotaur Fighter on Feb 22, 2024.
             Slain by a wight
             ... wielding a +4 great sword of freezing
              (7 damage)
             ... on level 6 of the Dungeon.
             The game lasted 00:10:50 (6563 turns).

Peloso the Protected (Minotaur Fighter)             Turns: 6563, Time: 00:10:51

HP:   -3/64 (78)    AC: 15    Str: 21    XL:     9   Next: 16%
MP:   0/8           EV:  7    Int:  5    God:
Gold: 456           SH:  5    Dex: 14    Spells: 8/8 levels left

rFire   . . .        a - +1 long sword
rCold   . . .        d - +0 buckler
rNeg    . . .        s - +0 plate armour
rPois   +            (helmet restricted)
rElec   .            j - +0 cloak
rCorr   .            (no gloves)
SInv    .            (no boots)
Will    +....        q - amulet of guardian spirit Stlth
                     r - ring of poison resistance
HPRegen 0.30/turn    t - ring of willpower
MPRegen 0.11/turn

%: guardian spirit
@: heavily drained
A: horns 2, retaliatory headbutt
a: no special abilities


You were on level 6 of the Dungeon.
You visited 1 branch of the dungeon, and saw 7 of its levels.

You collected 456 gold pieces.

Inventory:

Hand Weapons
 a - a +1 long sword (weapon)
Armour
 b - a +0 scale mail
 c - a +0 chain mail
 d - a +0 buckler (worn)
 j - a +0 cloak (worn)
 s - a +0 plate armour (worn)
Jewellery
 g - a ring of fire
 i - a +6 ring of strength
 q - an amulet of guardian spirit (around neck)
 r - a ring of poison resistance (left hand)
 t - a ring of willpower (right hand)
Scrolls
 e - 4 scrolls of poison
 l - a scroll of vulnerability {unknown}
 m - 2 scrolls of revelation {unknown}
 n - 2 scrolls of amnesia {unknown}
 o - a scroll of teleportation
 u - a scroll of silence {unknown}
 v - a scroll of blinking {unknown}
 w - a scroll of fear {unknown}
Potions
 f - 2 potions of might
 h - a potion of enlightenment


   Skills:
 + Level 6.8 Fighting
 + Level 9.2 Long Blades
 + Level 9.2 Armour
 + Level 1.6 Dodging
 + Level 0.7 Stealth
 + Level 6.1 Shields


You had 8 spell levels left.
You didn't know any spells.
Your spell library contained the following spells:

 Spells                   Type           Power      Damage    Failure   Level
 Cigotuvi's Dreadful Rot  Necr/Alch/Air  0%         N/A       100%        2
 Ensorcelled Hibernation  Hex/Ice        0%         N/A       100%        2
 Frozen Ramparts          Ice            0%         1d1       100%        3
 Fugue of the Fallen      Necr           0%         N/A       100%        3
 Anguish                  Hex/Necr       0%         N/A       100%        4
 Ignite Poison            Fire/Alch      0%         N/A       100%        4
 Leda's Liquefaction      Alch/Erth      0%         N/A       100%        4
 Petrify                  Alch/Erth      0%         N/A       100%        4
 Freezing Cloud           Conj/Ice/Air   0%         6-21      100%        5
 Metabolic Englaciation   Hex/Ice        0%         N/A       100%        5


Dungeon Overview and Level Annotations

Branches:
Dungeon (7/15)
 Temple: D:4-7

Altars:
Gozag
Kikubaaqudgha
Nemelex Xobeh
Trog
Uskayaw
Vehumet
Xom

Shops:
D:4 *   D:5 ?


Innate Abilities, Weirdness & Mutations

You have a pair of horns on your head.
You reflexively headbutt those who attack you in melee.


Message History

The wight hits you with a +4 great sword of freezing!
The wight freezes you. The wight hits you but does no damage.
The wight hits you with a +5 short sword.
You feel drained.
There is a stone staircase leading up here.
The wight hits you but does no damage.
The wight hits you with a +4 great sword of freezing!
The wight freezes you. The wight hits you but does no damage.
You climb upwards.
There is a stone staircase leading down, spattered with blood here.
Unknown command.
You hit the wight.
The wight is lightly damaged.
The wight hits you with a +4 great sword of freezing!
The wight freezes you. You block the wight's attack.
You barely miss the wight.
The wight is lightly damaged.
You barely miss the wight. Your headbutt misses the wight.
The wight is lightly damaged.
You block the wight's attack.
The wight hits you with a +5 short sword.
You hit the wight but do no damage. Your headbutt misses the wight.
The wight is lightly damaged.
The wight hits you with a +4 great sword of freezing!
You feel drained. The wight freezes you! You block the wight's attack.
You hit the wight. Your headbutt misses the wight.
The wight is moderately damaged.
The wight hits you with a +4 great sword of freezing!
* * * LOW HITPOINT WARNING * * *
You feel drained.
* * * LOW HITPOINT WARNING * * *
The wight freezes you.
* * * LOW HITPOINT WARNING * * *
The wight closely misses you. You furiously retaliate!
You headbutt the wight.
Okay, then.
As you read the scroll labelled QUTRER TIEROMI, it crumbles to dust.
It is a scroll of enchant weapon.
Your +0 long sword glows red for a moment.
The wight hits you with a +4 great sword of freezing!
You die...

###############
..............# #########
...##########.# #........
.#.# ####.#### #.#######
.#.# #.....z@# #.# # .#.#
#.##.##z#### #.# # .#.#
#.##...z...#####.# # .#.#
#.##.............# # .#.##
#.##.##.##.####### #
^...######.##.##.........#
#
..#.........).......####.#
# ....######.##.####..#
#.# # .#.## #.##.......#
#.# #


You could see 3 wights.

Vanquished Creatures
  Prince Ribbit (D:7)
  Grinder (D:6)
  Menkaure (D:6)
  A water moccasin (D:7)
  Duvessa (D:7)
  2 orc warriors
  2 ogres
  2 centaurs (D:5)
  2 phantoms
  A gnoll sergeant (D:5)
  4 wights (D:6)
  Dowan (D:7)
  A howler monkey (D:7)
  A bombardier beetle (D:4)
  2 hounds
  An orc priest (D:5)
  2 jellies
  An iguana (D:5)
  A sleepcap (D:4)
  2 orc wizards
  6 adders
  8 gnolls (D:5)
  A shadow imp (D:5)
  4 ufetubi
  A ribbon worm (D:2)
  2 dart slugs
  18 orcs
  3 bats
  4 endoplasms
  2 giant cockroaches
  12 goblins
  5 hobgoblins
  4 jackals
  7 kobolds
  2 quokkas
  4 ball pythons
  6 frilled lizards
  3 rats
122 creatures vanquished.

Notes
Turn   | Place    | Note
-------+----------+-------------------------------------------
     0 | D:1      | Peloso the Minotaur Fighter began the quest for the Orb.
     0 | D:1      | Reached XP level 1. HP: 19/19 MP: 0/0
   485 | D:1      | Reached XP level 2. HP: 27/27 MP: 1/1
  1012 | D:2      | Found a bloodstained altar of Trog.
  1268 | D:2      | Reached XP level 3. HP: 33/33 MP: 2/2
  1891 | D:2      | Reached XP level 4. HP: 33/41 MP: 3/3
  2083 | D:3      | Found a radiant altar of Vehumet.
  2468 | D:4      | Found Gozag's Platinum Reserve.
  2491 | D:4      | Reached XP level 5. HP: 30/47 MP: 4/4
  2572 | D:4      | Reached skill level 5 in Armour
  3138 | D:4      | Found an opulent altar of Gozag.
  3224 | D:4      | Noticed an ogre
  3228 | D:4      | Killed an ogre
  3229 | D:4      | Reached skill level 5 in Fighting
  3229 | D:4      | Reached XP level 6. HP: 56/56 MP: 5/5
  3430 | D:5      | Entered Level 5 of the Dungeon
  3490 | D:5      | Reached skill level 5 in Long Blades
  3511 | D:5      | Found Daoka's Magic Scroll Shoppe.
  3691 | D:5      | Found a hide-covered altar of Uskayaw.
  3754 | D:5      | Reached XP level 7. HP: 60/61 MP: 6/6
  3783 | D:5      | Reached skill level 1 in Dodging
  4479 | D:5      | Reached skill level 5 in Shields
  4868 | D:6      | Found a sparkling altar of Nemelex Xobeh.
  4903 | D:6      | Reached XP level 8. HP: 64/70 MP: 5/7
  5108 | D:6      | Noticed Grinder
  5116 | D:6      | Killed Grinder
  5154 | D:6      | Noticed Menkaure
  5334 | D:6      | Found an ancient bone altar of Kikubaaqudgha.
  5593 | D:6      | Killed Menkaure
  5895 | D:7      | Noticed Dowan
  5895 | D:7      | Noticed Prince Ribbit
  5959 | D:7      | Found a shimmering altar of Xom.
  6022 | D:7      | Killed Prince Ribbit
  6087 | D:7      | Noticed Duvessa
  6102 | D:7      | Killed Duvessa
  6280 | D:7      | Killed Dowan
  6281 | D:7      | Reached XP level 9. HP: 40/78 MP: 3/8
  6563 | D:6      | Slain by a wight

Illustrated notes

Levels and vault maps discovered:
D:1:      minmay_arrival_diagonal_passages, layout_basic
D:2:      layout_basic, basic_altar, feat_on_display
D:3:      layout_rooms, nicolae_overflow_crystal_walls
D:4:      layout_loops_cross, nicolae_gozag_zags_fifth_avenue,
          columned_hall_lemuel
D:5:      layout_basic, nicolae_uskayaw_murder_on_the_dancefloor, serial_shops,
          nicolae_diamond_shop, grunt_decor_clamped, grunt_ministairs_2,
          minmay_misc_feat_room
D:6:      layout_loops_ring, nemelex_spade_bored_becter,
          mainiacjoe_overflow_surrounded_room, uniq_grinder, uniq_menkaure
D:7:      layout_cave_pools, nicolae_wu_jian_immortal_techniques,
          lemuel_round_altar, minmay_temple_entry_mini_moons, minmay_nine_imps,
          uniq_prince_ribbit1, uniq_maurice, uniq_duvessa, uniq_jeremiah

Skill      XL: |  1  2  3  4  5  6  7  8  9 |
---------------+----------------------------+-----
Armour         | 4 5 6 7 8 9 |  9.2
Fighting       | 4 5 6 |  6.8
Shields        | 4 5 6 |  6.1
Long Blades    | 3 4 5 6 8 9 |  9.2
Dodging        | 1 |  1.6
Stealth        | |  0.7

Action                     |  1- 3 |  4- 6 |  7- 9 || total
---------------------------+-------+-------+-------++-------
  Melee: Long sword        |    87 |   129 |   207 ||   423
         Headbutt          |    14 |    26 |    43 ||    83
    Use: Scroll            |     2 |     2 |     5 ||     9
         Potion            |     1 |       |     3 ||     4
 Armour: Chain mail        |    61 |    96 |       ||   157
         Scale mail        |     4 |       |       ||     4
         Plate armour      |       |    53 |   218 ||   271
  Dodge: Dodged            |    30 |    63 |    61 ||   154
  Block: Buckler           |    14 |    39 |    63 ||   116
